 Dungeon Crawl Stone Soup version 0.27-a0-1196-g3e9cee4cb2 (webtiles) character file.

Game seed: 5907313548648052364

695 tsouns the Insei (level 7, 0/44 HPs)
             Began as a Tengu Delver on May 28, 2021.
             Was a Plaything of Xom.
             Slain by a two-headed ogre
             ... wielding a +0 giant club
              (16 damage)
             ... on level 5 of the Dungeon.
             The game lasted 00:09:28 (4856 turns).

tsouns the Insei (Tengu Delver)                     Turns: 4856, Time: 00:09:29

Health: 0/44       AC:  6    Str: 12      XL:     7   Next: 64%
Magic:  8/8        EV: 11    Int:  8      God:    Xom [...*..]
Gold:   186        SH:  0    Dex: 15 (16) Spells: 3/6 levels left

rFire    . . .     SeeInvis .     - Unarmed
rCold    + . .     Faith    .   (no shield)
rNeg     . . .     Spirit   .   h - +0 scale mail
rPois    .         Reflect  .   (helmet restricted)
rElec    .         Harm     .   (no cloak)
rCorr    .         Rampage  .   (no gloves)
Will     .....                  (boots unavailable)
Stlth    ++........             (no amulet)
HPRegen  0.14/turn              (no ring)
MPRegen  0.11/turn              (no ring)

@: flying quickly and evasively, quick
A: beak, talons 3, nimble flight, cold resistance 1, deterioration 1, dopey 2
a: Renounce Religion


You were on level 5 of the Dungeon.
You worshipped Xom.
You were a favourite toy of Xom.
You visited 1 branch of the dungeon, and saw 5 of its levels.

You collected 317 gold pieces.
You spent 131 gold pieces at shops.

Inventory:

Hand Weapons
 m - a +2 mace of protection
Missiles
 i - 42 poisoned darts (quivered)
Armour
 a - a +0 leather armour
 h - a +0 scale mail (worn)
 k - a +0 buckler
 q - a scarf of harm
Wands
 f - a wand of digging (3)
 l - a wand of flame (19)
Scrolls
 b - a scroll of fog
 c - a scroll of identify
 g - a scroll of enchant weapon {unknown}
 p - a scroll of fear
Potions
 d - 3 potions of curing
 e - 3 potions of haste
 j - 2 potions of flight
 r - a potion of resistance


   Skills:
 + Level 5.5 Fighting
 - Level 2.1 Dodging
 - Level 5.0 Stealth
 * Level 7.5 Unarmed Combat


You had 3 spell levels left.
You knew the following spells:

 Your Spells              Type           Power      Damage    Failure   Level
a - Animate Skeleton      Necr           0%         N/A       94%         1
b - Apportation           Tloc           0%         N/A       94%         1
c - Summon Small Mammal   Summ           0%         N/A       94%         1

Your spell library contained the following spells:

 Spells                   Type           Power      Damage    Failure   Level
 Corona                   Hex            0%         N/A       94%         1


Dungeon Overview and Level Annotations

Branches:
Dungeon (5/15)
 Temple: D:4-7

Altars:
Ashenzari
Gozag
Kikubaaqudgha
Xom
The Shining One

Shops:
D:3 =*(


Innate Abilities, Weirdness & Mutations

You have a beak for a mouth.
You have claws for feet.
Your magical nature lets you fly swiftly and evasively.
Your flesh is cold resistant. (rC+)
Your body sometimes deteriorates upon taking damage.
You are very dopey. (Int -4)


Message History

You reach down and open the door.
There is an open door here.
The ufetubus shouts!
You hear a shout!
A two-headed ogre comes into view.
It is wielding a +0 giant club and a +0 giant spiked club.
The kobold brigand shouts!
Aiming: Throw Flame
Press: ? - help, Shift-Dir - straight line, f - two-headed ogre
Aim: a two-headed ogre, wielding a +0 giant club and a +0 giant spiked club (85% to hit)
The puff of flame hits the two-headed ogre.
The two-headed ogre is lightly wounded.
Unknown command.
Aiming: Throw Flame
Press: ? - help, Shift-Dir - straight line, f/p - two-headed ogre
Aim: a two-headed ogre, wielding a +0 giant club and a +0 giant spiked club (lightly wounded, 85% to hit)
The puff of flame hits the two-headed ogre.
The two-headed ogre is lightly wounded.
Unknown command.
Aiming: Throw Flame
Press: ? - help, Shift-Dir - straight line, f/p - two-headed ogre
Aim: a two-headed ogre, wielding a +0 giant club and a +0 giant spiked club (lightly wounded, 85% to hit)
The puff of flame misses the two-headed ogre.
Unknown command.
Aiming: Throw Flame
Press: ? - help, Shift-Dir - straight line, f/p - two-headed ogre
Aim: a two-headed ogre, wielding a +0 giant club and a +0 giant spiked club (lightly wounded, 85% to hit)
The puff of flame hits the two-headed ogre.
The two-headed ogre is moderately wounded.
You hit the two-headed ogre but do no damage.
The two-headed ogre is moderately wounded.
The two-headed ogre hits you with a +0 giant club!!
The two-headed ogre hits you with a +0 giant spiked club!
Your scale mail prevents you from hitting the two-headed ogre.
You claw the two-headed ogre.
The two-headed ogre is moderately wounded.
You hit the two-headed ogre but do no damage.
You claw the two-headed ogre, but do no damage.
The two-headed ogre is moderately wounded.
The two-headed ogre hits you with a +0 giant club!
You die...
Xom cackles wildly!

**,,©*,,..x,*#...#..####..#
**,,**,##.##*##.##....##...
*,,**,*,.K....$##.....#....
*,**,∩,####,^#,#..#...#....
*,*,,,,#..##,.###.'...#....
*,**,##♣...#♣#$.#..########
*..♣##.......####..#
*#.......###.......#
#.......O@........#
###################


You could see a two-headed ogre.

Vanquished Creatures
  Sigmund (D:2)
  A water moccasin (D:5)
  A phantom (D:5)
  A jelly (D:4)
  An orc priest (D:5)
  Jessica (D:2)
  Natasha (thrice) (D:2)
  Terence (D:2)
  A hound skeleton (D:4)
  4 gnolls
  A white imp (D:5)
  An adder skeleton (D:5)
  A worm (D:2)
  A dart slug (D:1)
  18 orcs
  8 ball pythons
  6 endoplasms
  2 giant cockroaches
  6 goblins
  11 hobgoblins
  6 jackals
  3 quokkas
  7 bats
  3 frilled lizards
  6 kobolds
  4 rats
99 creatures vanquished.

Vanquished Creatures (others)
  A plant (D:3)
1 creature vanquished.

Grand Total: 100 creatures vanquished

Notes
Turn   | Place    | Note
-------+----------+-------------------------------------------
     0 | D:5      | tsouns the Tengu Delver began the quest for the Orb.
     0 | D:5      | Reached XP level 1. HP: 14/14 MP: 2/2
    29 | D:5      | Found an opulent altar of Gozag.
    78 | D:4      | Found an ancient bone altar of Kikubaaqudgha.
   268 | D:4      | Reached XP level 2. HP: 19/19 MP: 3/3
   427 | D:4      | Noticed an orc warrior
   491 | D:4      | Reached skill level 3 in Unarmed Combat
   495 | D:4      | Reached XP level 3. HP: 17/23 MP: 4/4
   509 | D:4      | Reached skill level 4 in Unarmed Combat
   509 | D:4      | Reached XP level 4. HP: 23/29 MP: 5/5
   535 | D:4      | Learned a level 1 spell: Animate Skeleton
   537 | D:4      | Learned a level 1 spell: Apportation
   539 | D:4      | Learned a level 1 spell: Summon Small Mammal
   988 | D:3      | Found Amecew's Antique Weapon Shop.
  1030 | D:4      | Gained mutation: Your magical nature lets you fly swiftly
                  | and evasively. [Tengu growth]
  1030 | D:4      | Reached XP level 5. HP: 33/33 MP: 6/6
  1256 | D:2      | Noticed Sigmund
  1258 | D:2      | Killed Sigmund
  1259 | D:2      | Reached skill level 5 in Unarmed Combat
  1259 | D:2      | Reached XP level 6. HP: 39/39 MP: 7/7
  1426 | D:1      | Found a faded altar of an unknown god.
  1437 | D:1      | Became a worshipper of Xom of Chaos
  1616 | D:1      | Reached skill level 6 in Unarmed Combat
  1938 | D:1      | XOM: silly message
  1998 | D:1      | XOM: 7-stop teleportation journey
  2459 | D:1      | XOM: give mutations
  2459 | D:1      | Gained mutation: You are dopey. (Int -2) [Xom's mischief]
  2459 | D:1      | Gained mutation: Your body sometimes deteriorates upon
                  | taking damage. [Xom's mischief]
  2459 | D:1      | Gained mutation: You are very dopey. (Int -4) [Xom's
                  | mischief]
  2528 | D:2      | Noticed Jessica
  2531 | D:2      | Killed Jessica
  2899 | D:2      | Noticed Terence
  2909 | D:2      | Killed Terence
  3027 | D:2      | Noticed Natasha
  3034 | D:2      | Killed Natasha
  3069 | D:2      | Noticed Natasha
  3072 | D:2      | Killed Natasha
  3162 | D:2      | Reached skill level 5 in Fighting
  3222 | D:2      | Noticed Natasha
  3232 | D:2      | Killed Natasha
  3233 | D:2      | Reached XP level 7. HP: 29/44 MP: 8/8
  3389 | D:2      | XOM: give mutation
  3389 | D:2      | Gained mutation: Your flesh is cold resistant. (rC+) [Xom's
                  | grace]
  3572 | D:3      | Found Uskyurum's Assorted Antiques.
  3583 | D:3      | Bought a bubbling grey potion for 25 gold pieces
  3583 | D:3      | Bought a grey potion for 25 gold pieces
  3583 | D:3      | Bought a pink potion for 25 gold pieces
  3583 | D:3      | Bought a scroll labelled ZECIFE ZUAGAFI for 28 gold pieces
  3583 | D:3      | Bought a scroll labelled FYMPOI NUUVAKK for 28 gold pieces
  3768 | D:3      | Found Jauth's Jewellery Boutique.
  3973 | D:3      | Found a glowing golden altar of the Shining One.
  4025 | D:3      | XOM: stat loss: -1 Str (11/12)
  4236 | D:4      | XOM: potion effect (might)
  4237 | D:4      | XOM: noise
  4364 | D:5      | XOM: silly message
  4592 | D:5      | Reached skill level 7 in Unarmed Combat
  4712 | D:5      | Found a broken altar of Ashenzari.
  4718 | D:5      | XOM: silly message
  4788 | D:5      | Noticed a small abomination
  4845 | D:5      | Noticed a two-headed ogre
  4856 | D:5      | Slain by a two-headed ogre

Illustrated notes

Levels and vault maps discovered:
D:1:      minmay_arrival_diagonal_passages, layout_basic,
          ebering_ecumenical_altar_webs
D:2:      layout_loops_ring, serial_rivers, chequers_serial_rivers_large_a,
          chequers_serial_rivers_large_b, chequers_serial_rivers_marsh,
          chequers_serial_rivers_small_b, chequers_serial_rivers_room_b,
          uniq_sigmund, uniq_natasha, uniq_jessica, uniq_terence
D:3:      layout_loops_ring, tso_oasis_becter, serial_shops, shop, shop,
          nicolae_shop_trees, kennysheep_generic_room_3
D:4:      layout_gridville, kennysheep_mini, kennysheep_mini_moat
D:5:      lemuel_ratsnest, layout_gridville,
          nicolae_gozag_cash_rules_everything_around_me,
          nicolae_ashenzari_skybound, serial_glass, glass_columns_c,
          glass_columns_c, glass_columns_a, glass_columns_b,
          gammafunk_ghost_abyssal_escape

Skill      XL: |  1  2  3  4  5  6  7 |
---------------+----------------------+-----
Unarmed Combat | 3 4 5 6 7 |  7.5
Fighting       | 4 5 |  5.5
Dodging        | |  2.1
Stealth        | |  5.0

Action                   |  1- 3 |  4- 6 |  7- 9 || total
-------------------------+-------+-------+-------++-------
Melee: Unarmed           |    38 |   127 |    80 ||   245
       Kick              |     7 |    33 |    15 ||    55
       Peck              |     7 |    19 |    13 ||    39
Throw: Dart              |     5 |     2 |       ||     7
Evoke: Wand              |     4 |     4 |     4 ||    12
  Use: Scroll            |     2 |       |     7 ||     9
       Potion            |       |       |     3 ||     3
 Stab: Distracted        |       |     2 |       ||     2
       Sleeping          |       |     2 |     2 ||     4
Armor: Scale mail        |    15 |    39 |    22 ||    76
       Leather armour    |     1 |       |       ||     1
       Skin              |       |       |     2 ||     2
Dodge: Dodged            |    13 |    62 |    26 ||   101

Table legend: (Time is in decaauts)
 A = Elapsed time spent in this place.
 B = Non-inter-level travel time spent in this place.
 C = Inter-level travel time spent in this place.
 D = Time resting spent in this place.
 E = Time spent auto-exploring this place.
 F = Levels seen in this place.
 G = Mean time per level.
                   A        B        C        D        E       F      G
               +--------+--------+--------+--------+--------+-----+--------+
         Total |   4585 |   4527 |     58 |    212 |   3444 |   5 |  917.0 |
       Dungeon |   4585 |   4527 |     58 |    212 |   3444 |   5 |  917.0 |
               +--------+--------+--------+--------+--------+-----+--------+

Top non-repeatable levels by time:
     D:2: 1271 daAuts
     D:1: 1050 daAuts
     D:3: 989 daAuts
     D:5: 642 daAuts
     D:4: 631 daAuts
